 Dungeon Crawl Stone Soup version 0.32-a0-953-g508020473e (webtiles) character file.

Game seed: 16679220511971954360

40 zazu2006 the Poker (level 3, -1/27 (28) HPs)
             Began as a Gnoll Wanderer on Apr 16, 2024.
             Slain by Crazy Yiuf
             ... wielding a +3 quarterstaff of chaos
              (12 damage)
             ... on level 2 of the Dungeon.
             The game lasted 00:02:30 (557 turns).

zazu2006 the Poker (Gnoll Wanderer)                  Turns: 557, Time: 00:02:30

HP:   -1/27 (28)    AC:  3    Str: 10    XL:     3   Next: 50%
MP:   4/7           EV: 10    Int: 12    God:
Gold: 64            SH:  0    Dex: 13    Spells: 6/7 levels left

rFire   . . .        a - +2 spear
rCold   . . .        (no shield)
rNeg    . . .        d - +0 robe
rPois   .            (no helmet)
rElec   .            (no cloak)
rCorr   .            (no gloves)
SInv    .            b - +0 pair of boots
Will    .....        (no amulet)
Stlth   +++          (no ring)
HPRegen 0.24/turn    (no ring)
MPRegen 0.10/turn

%: no passive effects
@: lightly drained
A: fangs 1, strong nose, distributed training
a: no special abilities


You were on level 2 of the Dungeon.
You visited 1 branch of the dungeon, and saw 2 of its levels.

You collected 64 gold pieces.

Inventory:

Hand Weapons
 a - a +2 spear (weapon)
Armour
 b - a +0 pair of boots (worn)
 d - a +0 robe (worn)
Scrolls
 c - a scroll of noise {unknown}
 e - 2 scrolls of identify {unknown}
 f - a scroll of vulnerability {unknown}
Potions
 g - a potion of mutation {unknown}
 h - a potion of haste {unknown}


   Skills:
 + Level 2.6 Fighting
 + Level 0.9 Short Blades
 + Level 0.9 Long Blades
 + Level 0.9 Axes
 + Level 0.9 Maces & Flails
 + Level 4.5 Polearms
 + Level 0.9 Staves
 + Level 0.9 Ranged Weapons
 + Level 0.9 Throwing
 + Level 2.6 Armour
 + Level 0.9 Dodging
 + Level 4.2 Stealth
 + Level 0.9 Shields
 + Level 0.9 Unarmed Combat
 + Level 2.8 Spellcasting
 + Level 0.6 Conjurations
 + Level 0.6 Hexes
 + Level 0.6 Summonings
 + Level 0.6 Necromancy
 + Level 0.6 Translocations
 + Level 0.6 Fire Magic
 + Level 0.6 Ice Magic
 + Level 3.8 Air Magic
 + Level 0.6 Earth Magic
 + Level 0.6 Alchemy
 + Level 1.0 Invocations
 + Level 2.6 Evocations
 + Level 0.7 Shapeshifting


You had 6 spell levels left.
You knew the following spells:

 Your Spells              Type           Power      Damage    Failure   Level
a - Shock                 Conj/Air       28%        1d4       10%         1

Your spell library contained the following spells:

 Spells                   Type           Power      Damage    Failure   Level
 Swiftness                Air            10%        N/A       16%         3


Dungeon Overview and Level Annotations

Branches:
Dungeon (2/15)

Altars:

Annotations:
D:2 Crazy Yiuf


Innate Abilities, Weirdness & Mutations

You have very sharp teeth.
Your uncanny sense of smell can sniff out nearby items.
Your experience applies equally to all skills.


Message History

Found 6 gold pieces.
You now have 64 gold pieces (gained 6).
Found a stone staircase leading down and a stone staircase leading up.
Found 6 stones.
Found a hammer.
Found a runed translucent door.
You open the door.
Crazy Yiuf shouts!
Crazy Yiuf screams, "Ten!
Tonal snockshim verde."
Aiming: Shock (safe; 10% risk of failure)
Press: ? - help, Q - select action Shift-Dir - straight line The zap hits Crazy Yiuf.
Crazy Yiuf is moderately wounded.
The zap hits Crazy Yiuf but does no damage.
Crazy Yiuf is moderately wounded.
Aiming: Shock (safe; 10% risk of failure)
Press: ? - help, Q - select action Shift-Dir - straight line The zap misses Crazy Yiuf.
Unknown command.
Aiming: Shock (safe; 10% risk of failure)
Press: ? - help, Q - select action Shift-Dir - straight line The zap hits Crazy Yiuf.
Crazy Yiuf is moderately wounded.
Crazy Yiuf barely misses you.
Unknown command.
You hit Crazy Yiuf but do no damage.
Crazy Yiuf is moderately wounded.
You hit Crazy Yiuf.
Crazy Yiuf is severely wounded.
Crazy Yiuf barely misses you.
You barely miss Crazy Yiuf.
Crazy Yiuf is severely wounded.
Crazy Yiuf hits you with a +3 quarterstaff of chaos!
You hit Crazy Yiuf but do no damage.
Crazy Yiuf is severely wounded.
Crazy Yiuf hits you with a +3 quarterstaff of chaos.
You feel drained.
You closely miss Crazy Yiuf.
Crazy Yiuf is severely wounded.
Crazy Yiuf hits you with a +3 quarterstaff of chaos!
You die...

#.#####.......#####.#####
#.....#######.......#
#####.# #######.# ### #.#
#.# #.# ### ♣♣####.#
#)..#♣♣ ♣♣.#..#.#
#...g@♣♣♣♣.......#
#...#♣..♣..♣.....# ###
♣♣♣.♣..#.##.#
♣♣♣♣♣###...# ...# #..(#
#####


You could see Crazy Yiuf.

Vanquished Creatures
  An adder (D:2)
  3 dart slugs (D:1)
  A ball python (D:2)
  5 endoplasms
  A goblin (D:2)
  A hobgoblin (D:2)
  4 jackals (D:1)
  4 bats
  A frilled lizard (D:2)
  A kobold (D:1)
  A rat (D:1)
23 creatures vanquished.

Notes
Turn   | Place    | Note
-------+----------+-------------------------------------------
     0 | D:1      | zazu2006 the Gnoll Wanderer began the quest for the Orb.
     0 | D:1      | zazu2006 set off with the following items: a +2 spear, a +0
                  | pair of boots, a scroll of fear, a +0 robe; and the
                  | following spell memorised: Shock; and the following spells
                  | available to memorise: Swiftness.
     0 | D:1      | Reached XP level 1. HP: 17/17 MP: 4/4
   235 | D:1      | Reached XP level 2. HP: 22/23 MP: 0/5
   303 | D:2      | Reached XP level 3. HP: 28/28 MP: 1/7
   366 | D:2      | Reached skill level 1 in Invocations
   545 | D:2      | Found a runed translucent door.
   546 | D:2      | Noticed Crazy Yiuf
   557 | D:2      | Slain by Crazy Yiuf

Illustrated notes

Levels and vault maps discovered:
D:1:      evilmike_arrival_home_sweet_home, layout_rooms, serial_glass,
          glass_columns_a, glass_columns_a
D:2:      minmay_general_purpose_star, layout_loops_ring,
          dilly_ecumenical_altar_fadedgnrine, uniq_crazy_yiuf_cottage,
          uniq_robin

Skill      XL: |  1  2  3 |
---------------+----------+-----
Invocations    | 1 |  1.0
Fighting       | |  2.6
Short Blades   | |  0.9
Long Blades    | |  0.9
Axes           | |  0.9
Maces & Flails | |  0.9
Polearms       | |  4.5
Staves         | |  0.9
Ranged Weapons | |  0.9
Throwing       | |  0.9
Armour         | |  2.6
Dodging        | |  0.9
Stealth        | |  4.2
Shields        | |  0.9
Unarmed Combat | |  0.9
Spellcasting   | |  2.8
Conjurations   | |  0.6
Hexes          | |  0.6
Summonings     | |  0.6
Necromancy     | |  0.6
Translocations | |  0.6
Fire Magic     | |  0.6
Ice Magic      | |  0.6
Air Magic      | |  3.8
Earth Magic    | |  0.6
Alchemy        | |  0.6
Evocations     | |  2.6
Shapeshifting  | |  0.7

Action                     || total
---------------------------++-------
  Melee: Spear             ||    59
         Bite              ||     4
   Cast: Shock             ||    23
    Use: Scroll            ||     1
   Stab: Sleeping          ||     1
         Distracted        ||     1
 Armour: Robe              ||    34
  Dodge: Dodged            ||    23

Table legend: (Time is in decaauts)
 A = Elapsed time spent in this place.
 B = Non-inter-level travel time spent in this place.
 C = Inter-level travel time spent in this place.
 D = Time resting spent in this place.
 E = Time spent auto-exploring this place.
 F = Levels seen in this place.
 G = Mean time per level.
                   A        B        C        D        E       F      G
               +--------+--------+--------+--------+--------+-----+--------+
         Total |    549 |    549 |      0 |      0 |    177 |   2 |  274.5 |
       Dungeon |    549 |    549 |      0 |      0 |    177 |   2 |  274.5 |
               +--------+--------+--------+--------+--------+-----+--------+

Top non-repeatable levels by time:
     D:1: 292 daAuts
     D:2: 256 daAuts
